AoeStats
← zamithdaniel

MegaRandom

509091953Analyzed
2v2 RM · 7d ago on Sep 25, 2026· 48m 23s· 4 players
Game mode
Random Map
Map size
Medium (4 player)
Population
200
Speed
Normal
Resources
Standard
Victory
Conquest
Starting age
Dark Age
Ending age
Imperial Age
RankedLock teamsTeams togetherTeam positionsShared explorationLock speedFull tech treeHidden civsTurbo modeCheats
Victory
Defeat
🇭🇷 Spanish · Croatia
1007
+13
🇭🇷 Gurjaras · Croatia
1003
+13
🇨🇴 Celts · Colombia
990
-15
🇦🇺 Danes · Australia
900
-11
zamithdaniel
10:57 Feudal Age
11:31 Double-Bit Axe
11:30 Horse Collar
19:21 Castle Age
18:01 Stone Mining
20:02 Gold Mining
23:35 Bow Saw
23:37 Loom
25:47 Heavy Plow
26:19 Scale Mail Armor
26:29 Forging
31:24 Iron Casting
36:52 Chain Mail Armor
48:14 Imperial Age
48:25 Arson
nmcdo71
4:00 Loom
10:50 Feudal Age
13:06 Double-Bit Axe
15:04 Wheelbarrow
15:18 Town Watch
18:09 Castle Age
16:14 Loom
16:28 Arson
17:22 Scale Mail Armor
17:33 Forging
20:35 Town Patrol
21:06 Bow Saw
23:50 Horse Collar
28:16 Squires
28:03 Gambesons
32:55 Caravan
33:59 Hand Cart
38:11 Imperial Age
36:04 Heavy Plow
39:15 Ballistics
40:41 Elite Varangian Guard
43:06 Iron Casting
42:47 Chain Mail Armor
peace4tito
6:51 Loom
7:01 Loom
10:50 Feudal Age
11:15 Horse Collar
11:47 Double-Bit Axe
17:11 Castle Age
17:57 Heavy Plow
18:13 Bow Saw
19:47 Scale Barding Armor
27:58 Wheelbarrow
29:31 Hand Cart
38:09 Imperial Age
37:03 Husbandry
37:35 Bloodlines
38:04 Light Cavalry
38:56 Elite Conquistador
41:51 Cavalier
43:16 Hussar
Lotor
11:13 Feudal Age
14:06 Loom
17:34 Castle Age
17:29 Double-Bit Axe
17:25 Horse Collar
23:12 Wheelbarrow
23:15 Bow Saw
23:25 Gold Mining
30:21 Imperial Age
28:50 Heavy Plow
30:33 Hand Cart
32:31 Chemistry
32:59 Forging
32:50 Scale Mail Armor
33:15 Town Watch
33:55 Conscription
35:16 Iron Casting
34:57 Chain Mail Armor
37:24 Plate Mail Armor
36:50 Fletching
37:38 Elite Chakram Thrower
Connection lost

Rejoining the realm…

Still unreachable

The connection could not be restored.

Session expired

The server has moved on; the page needs a fresh start.